 Dungeon Crawl Stone Soup version 0.29-a0-418-gc0181ea820 (webtiles) character file.

Game seed: 15606171064752490227

340 Sweetruy1997 the Slasher (level 6, -1/48 HPs)
             Began as a Demonspawn Chaos Knight on May 17, 2022.
             Was a Plaything of Xom.
             Slain by a gnoll
             ... wielding a +0 spear
             ... led by a gnoll shaman
              (2 damage)
             ... on level 4 of the Dungeon.
             The game lasted 00:11:56 (3453 turns).

Sweetruy1997 the Slasher (Demonspawn Chaos Knight)  Turns: 3453, Time: 00:11:57

Health: -1/48      AC:  8    Str: 12    XL:     6   Next: 30%
Magic:  6/7        EV: 11    Int: 14    God:    Xom [.*....]
Gold:   64         SH:  0    Dex: 14    Spells: 4/7 levels left

rFire   . . .      SeeInvis .   k - +6 dagger of the Morning {venom, Fragile rPois rC+}
rCold   + . .      Faith    .   (no shield)
rNeg    . . .      Spirit   .   b - +2 leather armour
rPois   +          Reflect  .   (helmet restricted)
rElec   .          Harm     .   n - +0 cloak
rCorr   +          Rampage  .   u - +0 pair of gloves
Will    .....                   f - +0 pair of boots
Stlth   +.........              (no amulet)
HPRegen 0.16/turn               p - ring of resist corrosion
MPRegen 0.10/turn               (no ring)

@: confused
A: demonic guardian 1, foul stench 1, demonic touch 2, horns 1
a: Renounce Religion


You were on level 4 of the Dungeon.
You worshipped Xom.
You were a plaything of Xom.
You visited 1 branch of the dungeon, and saw 4 of its levels.
You also visited: Sewer.

You collected 154 gold pieces.
You spent 90 gold pieces at shops.

Inventory:

Hand Weapons
 a - a +0 falchion of chaos
 k - the +6 dagger of the Morning (weapon) {venom, Fragile rPois rC+}
   (You found it on level 3 of the Dungeon)

   It poisons the flesh of those it strikes.
   rC:        It protects you from cold.
   rPois:     It protects you from poison.
   Fragile:   It will be destroyed if unequipped.
Armour
 b - a +2 leather armour (worn)
 f - a +0 pair of boots (worn)
 n - a +0 cloak (worn)
 u - a +0 pair of gloves (worn)
Jewellery
 p - a ring of resist corrosion (left hand)
Scrolls
 d - 5 scrolls of teleportation
 e - a scroll of brand weapon
 g - a scroll of torment
 i - 2 scrolls of blinking {unknown}
 j - a scroll of amnesia {unknown}
 o - 2 scrolls of fear
 t - a scroll of enchant weapon {unknown}
Potions
 h - 3 potions of curing
 l - 2 potions of heal wounds {unknown}
 m - 2 potions of lignification {unknown}
 q - 3 potions of magic
 r - a potion of invisibility {unknown}
 s - a potion of resistance {unknown}
Miscellaneous
 c - a piece from Xom's chessboard (6/15) (quivered)


   Skills:
 - Level 4.0 Fighting
 + Level 2.2(3.4) Short Blades
 - Level 4.0(4.3) Long Blades
 - Level 2.0 Armour
 - Level 1.0 Dodging
 + Level 1.6 Stealth
 + Level 1.2 Spellcasting
 + Level 0.9 Ice Magic
 - Level 2.0 Evocations


You had 4 spell levels left.
You knew the following spells:

 Your Spells              Type           Power      Damage    Failure   Level
a - Freeze                Ice            12%        1d4       22%         1
b - Slow                  Hex            0%         N/A       32%         1
c - Summon Small Mammal   Summ           0%         N/A       32%         1

Your spell library contained the following spells:

 Spells                   Type           Power      Damage    Failure   Level
 Frozen Ramparts          Ice            6%         1d2       54%         3
 Call Canine Familiar     Summ           0%         N/A       67%         3
 Confusing Touch          Hex            0%         N/A       67%         3
 Summon Guardian Golem    Hex/Summ       0%         N/A       67%         3
 Vampiric Draining        Necr           0%         2d6       69%         3
 Hailstorm                Conj/Ice       2%         3d3       95%         4
 Animate Dead             Necr           0%         N/A       97%         4
 Borgnjor's Vile Clutch   Necr/Erth      0%         N/A       100%        5
 Death Channel            Necr           0%         N/A       100%        6


Dungeon Overview and Level Annotations

Branches:
Dungeon (4/15)              Sewer (visited)
 Temple: D:4-7

Altars:
Xom

Shops:
D:2 ?


Innate Abilities, Weirdness & Mutations

A weak demonic guardian rushes to your aid.
You may rarely emit foul miasma when damaged in melee.
Your touch may inflict irresistible damage on your foes.
You have a pair of small horns on your head.


Message History

The gnoll hits you from afar with a +0 spear.
* * * LOW HITPOINT WARNING * * *
Xom's power touches on your mind for a moment.
You are confused.
The gnoll hits your white imp with a +0 club.
Your white imp hits the orc.
Your white imp freezes the orc.
The orc dies!
The gnoll hits your white imp with a +0 club.
The gnoll misses you.
Your white imp gestures at the gnoll.
The puff of frost hits the gnoll.
You see here a +0 flail.
You closely miss the gnoll. You headbutt the gnoll.
Your touch misses the gnoll.
The gnoll is lightly wounded.
The gnoll completely misses your white imp.
The gnoll hits you from afar with a +0 spear.
* * * LOW HITPOINT WARNING * * *
The gnoll barely misses you.
You bump into the rock wall.
Your white imp hits the gnoll.
Your white imp freezes the gnoll.
The gnoll shaman barely misses you.
The gnoll completely misses your white imp.
An orc comes into view. It is wielding a +0 club.
The gnoll hits you but does no damage.
The gnoll hits you from afar with a +0 spear.
* * * LOW HITPOINT WARNING * * *
The gnoll attacks as you move away! The gnoll barely misses you.
Your white imp barely misses the gnoll.
The gnoll shaman hits you with a +0 whip.
* * * LOW HITPOINT WARNING * * *
The gnoll barely misses your white imp. The gnoll barely misses you.
The gnoll hits you but does no damage.
Unknown command.
Your white imp gestures at the gnoll.
The puff of frost hits the gnoll!
The gnoll dies!
The gnoll shaman barely misses you. The gnoll misses you.
The gnoll hits you from afar with a +0 spear.
You die...
Xom howls with laughter!

##.. ... #. ### ###
##.. .
#..##..#+#.##..! #.
.............. ...
#.........# #...
##...[...# ###. .....
#....)5..# .....
#...##.##.##@##o.....
#..<..).gggoo......
##.###.##g..o......
## .###......... #
##........ #........
........# .......##
........


You could see a gnoll shaman, 3 gnolls, 3 orcs and a friendly white imp
(summoned).

Vanquished Creatures
  4 jellies
  An orc priest (D:4)
  2 river rats (Sewer)
  7 adders
  6 worms
  2 dart slugs
  An orc (D:4)
  6 endoplasms
  4 giant cockroaches
  3 goblins
  7 hobgoblins
  4 jackals (D:3)
  5 kobolds
  2 quokkas (D:2)
  3 ball pythons
  5 bats
  4 frilled lizards
  14 rats
  A bush (D:1)
81 creatures vanquished.

Vanquished Creatures (collateral kills)
  A gnoll (D:4)
  2 adders (D:3)
  A worm (D:2)
  An orc (D:4)
  A ball python (Sewer)
6 creatures vanquished.

Grand Total: 87 creatures vanquished

Notes
Turn   | Place    | Note
-------+----------+-------------------------------------------
     0 | D:1      | Sweetruy1997 the Demonspawn Chaos Knight began the quest
                  | for the Orb.
     0 | D:1      | Reached XP level 1. HP: 18/18 MP: 1/1
     2 | D:1      | Noticed an octopode
     2 | D:1      | Noticed a tengu
     4 | D:1      | Noticed an elf
     4 | D:1      | Noticed a gargoyle
     6 | D:1      | Noticed a felid
     8 | D:1      | Noticed a dwarf
     8 | D:1      | Noticed a naga
    10 | D:1      | Noticed a draconian
    12 | D:1      | Noticed a vampire
    14 | D:1      | Noticed a minotaur
    14 | D:1      | Noticed a vine stalker
    16 | D:1      | Noticed a human
    16 | D:1      | Noticed an ogre
    18 | D:1      | Noticed a merfolk
    20 | D:1      | Noticed a demigod
    20 | D:1      | Noticed a troll
    22 | D:1      | Noticed a spriggan
    22 | D:1      | Noticed a formicid
    24 | D:1      | Noticed a ghoul
    24 | D:1      | Noticed a demonspawn
   103 | D:1      | Found a faded altar of an unknown god.
   134 | D:1      | XOM: silly message
   208 | D:1      | Reached skill level 1 in Dodging
   314 | D:1      | Discovered your monstrous ancestry.
   314 | D:1      | Gained mutation: Your touch may inflict minor irresistible
                  | damage on your foes. [demonic ancestry]
   314 | D:1      | Reached XP level 2. HP: 20/24 MP: 2/2
   708 | D:1      | XOM: scenery: create altars
   733 | D:2      | XOM: 3-stop teleportation journey
   804 | D:2      | Found Eschang's Magic Scroll Shoppe.
   812 | D:2      | Bought a scroll of magic mapping for 42 gold pieces
   987 | D:2      | Gained mutation: A weak demonic guardian rushes to your
                  | aid. [demonic ancestry]
   987 | D:2      | Reached XP level 3. HP: 20/25 MP: 3/3
  1166 | D:2      | XOM: 6-stop teleportation journey
  1195 | D:2      | XOM: 4-stop teleportation journey
  1252 | D:2      | XOM: divination: magic mapping
  1389 | D:2      | XOM: smoke on damage
  1411 | D:2      | XOM: cloud trail
  1462 | D:2      | XOM: god gift: scroll labelled FOC UWU SAIGEI {god gift}
  1474 | D:2      | XOM: noise
  1725 | D:2      | Learned a level 1 spell: Freeze
  1727 | D:2      | Learned a level 1 spell: Slow
  1903 | D:3      | Reached skill level 1 in Stealth
  1903 | D:3      | Reached XP level 4. HP: 30/35 MP: 2/4
  1908 | D:3      | XOM: silly message
  1921 | D:3      | Reached skill level 1 in Evocations
  1952 | D:3      | Identified the +6 dagger of the Morning {venom, Fragile
                  | rPois rC+}
  2000 | D:3      | XOM: give mutation
  2000 | D:3      | Gained mutation: You have a pair of small horns on your
                  | head. [Xom's mischief]
  2014 | D:3      | XOM: confusion (+ monsters)
  2077 | D:3      | XOM: silly message
  2109 | D:3      | Found a glowing drain.
  2119 | Sewer    | Entered a sewer
  2366 | Sewer    | Gained mutation: Your touch may inflict irresistible damage
                  | on your foes. [demonic ancestry]
  2366 | Sewer    | Reached XP level 5. HP: 42/42 MP: 5/5
  2405 | Sewer    | Found a viscous altar of Jiyva.
  2419 | Sewer    | Reached skill level 1 in Short Blades
  2434 | Sewer    | XOM: summons 3 hostile demons
  2541 | Sewer    | XOM: divination: detect items
  2901 | D:2      | Bought a scroll of identify for 24 gold pieces
  2901 | D:2      | Bought a scroll of identify for 24 gold pieces
  3022 | D:3      | Learned a level 1 spell: Summon Small Mammal
  3101 | D:3      | Reached skill level 1 in Spellcasting
  3101 | D:3      | Gained mutation: You may rarely emit foul miasma when
                  | damaged in melee. [demonic ancestry]
  3101 | D:3      | Reached XP level 6. HP: 47/48 MP: 0/7
  3188 | D:3      | XOM: 1-stop teleportation journey
  3444 | D:4      | XOM: swap monsters
  3448 | D:4      | XOM: confusion
  3452 | D:4      | HP: 1/48 [gnoll shaman/+0 whip (4)]
  3453 | D:4      | Slain by a gnoll

Illustrated notes

Levels and vault maps discovered:
D:1:      kb_arrival_jail, layout_rooms, hellmonk_ecumenical_altar_run_dry,
          serial_forest, infiniplex_forest_lined_corner,
          infiniplex_forest_clump_small, infiniplex_forest_lined_4_way,
          infiniplex_forest_end_3, infiniplex_forest_end_2,
          infiniplex_forest_clump_diagonal
D:2:      minmay_evil_eye, layout_basic, serial_curves, eino_curves_03,
          eino_curves_03, serial_shops, shop
D:3:      layout_basic, lightli_sewer_entry_pipes, hangedman_decor_points
D:4:      layout_cave_pools, chequers_temple_overflow_minitemple

Skill      XL: |  1  2  3  4  5  6 |
---------------+-------------------+-----
Dodging        | 1 |  1.0
Long Blades    | 3 4 |  4.0
Armour         | 2 |  2.0
Stealth        | 1 |  1.6
Evocations     | 1 2 |  2.0
Short Blades   | 1 2 |  2.2
Fighting       | 4 |  4.0
Spellcasting   | 1 |  1.2
Ice Magic      | |  0.9

Action                   |  1- 3 |  4- 6 || total
-------------------------+-------+-------++-------
Melee: Falchion          |   113 |     5 ||   118
       Touch             |    23 |    13 ||    36
       Dagger            |       |   110 ||   110
       Headbutt          |       |    20 ||    20
 Cast: Freeze            |     1 |    12 ||    13
       Slow              |       |     1 ||     1
       Summon Small Mamm |       |     1 ||     1
Evoke: Piece from Xom's  |    12 |    11 ||    23
  Use: Scroll            |     5 |     4 ||     9
       Potion            |       |     1 ||     1
 Stab: Petrified         |     1 |       ||     1
       Sleeping          |     1 |     2 ||     3
       Paralysed         |       |     1 ||     1
Armor: Leather armour    |    28 |    54 ||    82
Dodge: Dodged            |    44 |    83 ||   127

Table legend: (Time is in decaauts)
 A = Elapsed time spent in this place.
 B = Non-inter-level travel time spent in this place.
 C = Inter-level travel time spent in this place.
 D = Time resting spent in this place.
 E = Time spent auto-exploring this place.
 F = Levels seen in this place.
 G = Mean time per level.
                   A        B        C        D        E       F      G
               +--------+--------+--------+--------+--------+-----+--------+
         Total |   3514 |   3364 |    150 |    254 |   2307 |   5 |  702.8 |
       Dungeon |   2934 |   2784 |    150 |    133 |   1993 |   4 |  733.5 |
         Sewer |    580 |    580 |      0 |    121 |    314 |   1 |  580.0 |
               +--------+--------+--------+--------+--------+-----+--------+

Top non-repeatable levels by time:
     D:2: 1243 daAuts
     D:3: 933 daAuts
     D:1: 735 daAuts
   Sewer: 580 daAuts
     D:4: 22 daAuts
